Map: Whirlwind LE (Void)

Players

Fropez

  • Race: Protoss Protoss
  • League: Gold
  • Spawn Location: 5:00

kiriu - Winner!

  • Race: Terran Terran
  • League: Platinum
  • Spawn Location: 1:00

VOD

Have the link to the VOD?

Description

Time

  • Played on: Jan. 1, 2017, 7:56 p.m.
  • Length: 8:43
Show
View Real Time Build Order
Export as new Build Order

Fropez Protoss 

Build Orders: Nexus First 

Get SALT Encoding   

  12  0:00  Probe (Chrono Boost)  
  13  0:11  Probe (Chrono Boost)  
  14  0:29  Probe (Chrono Boost)  
  14  0:32  Pylon  
  15  0:50  Probe (Chrono Boost)  
  16  0:58  Nexus  
  16  1:04  Assimilator  
  16  1:05  Probe (Chrono Boost)  
  17  1:12  Assimilator  
  17  1:16  Probe (Chrono Boost)  
  18  1:27  Probe (Chrono Boost)  
  19  1:38  Probe (Chrono Boost)  
  19  1:39  Gateway  
  20  1:49  Probe (Chrono Boost)  
  20  1:50  Pylon  
  20  1:54  Pylon  
  21  1:59  Probe (Chrono Boost)  
  22  2:10  Probe (Chrono Boost)  
  22  2:12  Probe (Chrono Boost)  
  24  2:20  Probe (Chrono Boost)  
  25  2:23  Probe (Chrono Boost)  
  26  2:30  Nexus  
  26  2:40  Probe (Chrono Boost), Cybernetics Core  
  26  2:43  Probe (Chrono Boost)  
  28  2:53  Probe (Chrono Boost)  
  28  2:55  Pylon  
  26  3:22  Mothership Core (Chrono Boost)  
  26  3:23  Probe (Chrono Boost)  
  28  3:32  Warp Gate  
  28  3:33  Probe (Chrono Boost)  
  29  3:40  Probe (Chrono Boost)  
  30  3:44  Probe x2 (Chrono Boost)  
  31  3:51  Gateway x2  
  31  3:52  Gateway  
  31  3:53  Probe (Chrono Boost)  
  31  3:55  Probe (Chrono Boost)  
  33  3:59  Probe (Chrono Boost)  
  33  4:00  Assimilator  
  34  4:03  Probe (Chrono Boost)  
  34  4:09  Probe (Chrono Boost)  
  37  4:10  Probe (Chrono Boost)  
  37  4:16  Stalker  
  37  4:33  Pylon  
  37  4:34  Probe x2 (Chrono Boost)  
  37  4:36  Assimilator  
  39  4:38  Probe (Chrono Boost)  
  39  4:43  Forge  
  42  4:46  Probe x2 (Chrono Boost)  
  42  4:49  Pylon, Probe (Chrono Boost)  
  42  4:52  Pylon  
  43  4:57  Stalker x3  
  46  5:15  Protoss Ground Weapons Level 1  
  46  5:27  Photon Cannon  
  46  5:28  Photon Cannon  
  46  5:30  Photon Cannon  
  46  5:32  Pylon  
  46  5:33  Probe x2 (Chrono Boost)  
  48  5:40  Pylon  
  48  5:44  Stalker x2  
  48  5:45  Probe x2 (Chrono Boost)  
  55  5:57  Probe (Chrono Boost)  
  55  6:10  Stalker x3  
  53  6:22  Photon Cannon  
  53  6:25  Pylon  
  53  6:32  Robotics Facility  
  53  6:34  Stalker x3  
  53  6:37  Probe x2 (Chrono Boost)  
  59  6:55  Probe (Chrono Boost), Stalker  
  59  6:56  Probe (Chrono Boost)  
  59  7:01  Photon Cannon  
  61  7:07  Probe (Chrono Boost)  
  61  7:08  Probe (Chrono Boost)  
  63  7:11  Robotics Facility  
  63  7:14  Twilight Council, Gateway  
  63  7:17  Observer  
  63  7:20  Probe x2 (Chrono Boost), Photon Cannon  
  66  7:25  Stalker  
  66  7:26  Stalker  
  70  7:32  Probe x2 (Chrono Boost), Stalker  
  74  7:44  Pylon  
  66  7:55  Pylon, Stalker x3  
  66  8:01  Stalker  
  64  8:12  Photon Cannon  
  64  8:16  Photon Cannon  
  64  8:18  Pylon  
  64  8:19  Stalker  
  56  8:20  Stalker x2  
  27  8:34  Stalker  
Show
View Real Time Build Order
Export as new Build Order

kiriu Terran - Winner!

Build Orders:  

Get SALT Encoding   

  12  0:01  SCV  
  13  0:13  SCV  
  14  0:17  Supply Depot  
  14  0:24  Refinery  
  14  0:28  SCV  
  15  0:41  Barracks  
  15  0:45  SCV  
  16  0:57  SCV  
  17  1:10  SCV  
  18  1:22  SCV  
  19  1:33  Command Center  
  19  1:36  SCV  
  20  1:44  Reaper  
  21  1:48  SCV  
  21  1:54  Factory  
  22  2:07  Supply Depot  
  22  2:10  Orbital Command  
  22  2:17  Barracks Reactor  
  22  2:41  Starport  
  22  2:48  Refinery  
  22  2:49  Widow Mine  
  22  2:51  Barracks  
  24  2:53  Marine x2  
  26  3:05  SCV  
  27  3:11  Marine x2  
  29  3:38  Marine x2  
  29  3:40  Barracks Tech Lab  
  31  3:43  Medivac  
  31  3:46  SCV  
  34  3:48  Orbital Command  
  34  3:58  SCV  
  34  3:59  Factory Tech Lab  
  35  4:04  Supply Depot  
  35  4:05  Supply Depot  
  35  4:11  SCV  
  36  4:22  Marine x2  
  37  4:26  SCV x2  
  39  4:37  Stimpack  
  39  4:38  SCV x2  
  41  4:47  Marine x2  
  41  4:48  Marauder  
  41  4:50  Starport Reactor, SCV x2  
  47  5:02  SCV  
  47  5:03  SCV  
  49  5:11  Marine x2  
  49  5:12  Marauder  
  52  5:16  SCV x2  
  52  5:18  Barracks  
  52  5:21  Barracks  
  54  5:22  Siege Tank  
  54  5:28  SCV x2  
  59  5:30  Marine x2  
  61  5:40  SCV  
  62  5:42  Supply Depot  
  62  5:44  Supply Depot  
  62  5:45  Supply Depot  
  62  6:04  Marine x2, Marauder, Medivac  
  63  6:18  Barracks Reactor x2  
  63  6:21  Marine x2  
  65  6:26  Marauder  
  67  6:39  Marine x2  
  67  6:47  Marauder  
  67  6:51  Siege Tank  
  67  6:53  Medivac  
  74  6:55  Marine x4  
  74  6:57  Marine x2  
  80  7:03  Supply Depot x2  
  80  7:05  Supply Depot  
  80  7:07  Supply Depot x2, Liberator  
  80  7:08  Supply Depot, Marauder  
  82  7:09  SCV x2  
  82  7:11  Refinery  
  82  7:13  Marine x2  
  82  7:14  Refinery  
  86  7:24  Marine x4  
  86  7:25  Siege Tank  
  98  7:30  Marauder  
  98  7:42  Liberator  
  91  7:49  Marine x6  
  96  7:53  Marauder  
  97  8:07  Marine x6  
  101  8:14  Marauder  
Tags
 
Add a new tag
Caveats
  • Supply blocks, unpowered buildings, or Contaminate may cause inaccurate times.
  • Supply counts are checked every 10 seconds.